 Dungeon Crawl Stone Soup version 0.30.1-3-gfc49f6343a (webtiles) character file.

Game seed: 7244679969880959169

446 Zeor the Slasher (level 6, 0/47 HPs)
             Began as a Demonspawn Gladiator on Aug 9, 2023.
             Was a Follower of Yredelemnul.
             Killed from afar by Dowan (18 damage)
             ... with a shard of ice
             ... on level 4 of the Dungeon.
             The game lasted 00:08:11 (2634 turns).

Zeor the Slasher (Demonspawn Gladiator)             Turns: 2634, Time: 00:08:12

Health: 0/47       AC:  7    Str: 15    XL:     6   Next: 73%
Magic:  6/7        EV: 17    Int:  9    God:    Yredelemnul [*.....]
Gold:   165        SH:  0    Dex: 16    Spells: 5/5 levels left

rFire   . . .        a - +6 long sword "Zeor's Peril" {drain, rCorr}
rCold   . . .        (no shield)
rNeg    . . .        k - +0 ring mail
rPois   .            h - +1 helmet
rElec   .            (no cloak)
rCorr   +            (no gloves)
SInv    .            (no boots)
Will    .....        (no amulet)
Stlth   +            f - +5 ring of evasion
HPRegen 0.27/turn    (no ring)
MPRegen 0.10/turn

%: no passive effects
@: no status effects
A: demonic guardian 1, weakness stinger 1
a: Renounce Religion, Recall Undead Harvest


You were on level 4 of the Dungeon.
You worshipped Yredelemnul.
Yredelemnul was noncommittal.
You visited 1 branch of the dungeon, and saw 4 of its levels.

You collected 165 gold pieces.

Inventory:

Hand Weapons
 a - the +6 long sword "Zeor's Peril" (weapon) {drain, rCorr}
   (You found it on level 3 of the Dungeon)

   rCorr:     It protects you from acid and corrosion.
 l - a +0 great sword
 n - a +0 long sword of venom
Missiles
 d - 2 throwing nets (quivered)
 e - a javelin
 i - 4 poisoned darts
Armour
 b - a +0 leather armour
 c - a +0 helmet
 h - a +1 helmet (worn)
 k - a +0 ring mail (worn)
Jewellery
 f - a +5 ring of evasion (left hand)
Potions
 g - a potion of curing
 j - a potion of resistance
 m - a potion of mutation


   Skills:
 + Level 3.0 Fighting
 + Level 5.2 Long Blades
 + Level 1.8 Throwing
 + Level 2.1 Armour
 + Level 3.9 Dodging
 + Level 0.1 Stealth
 * Level 1.5 Invocations


You had 5 spell levels left.
You didn't know any spells.
Your spell library contained the following spells:

 Spells                   Type           Power      Damage    Failure   Level
 Summon Small Mammal      Summ           0%         N/A       61%         1
 Call Canine Familiar     Summ           0%         N/A       93%         3
 Summon Guardian Golem    Hex/Summ       0%         N/A       93%         3
 Orb of Destruction       Conj           0%         9d5       100%        7
 Spellforged Servitor     Conj/Summ      0%         N/A       100%        7
 Chain Lightning          Conj/Air       0%         N/A       100%        9
 Fire Storm               Conj/Fire      0%         5d1       100%        9
 Shatter                  Erth           0%         3d5*      100%        9


Dungeon Overview and Level Annotations

Branches:
Dungeon (4/15)
 Temple: D:4-7

Altars:
Ru
Yredelemnul

Annotations:
D:4 Dowan


Innate Abilities, Weirdness & Mutations

A weak demonic guardian rushes to your aid.
You have a small tail.


Message History

Dowan hits your howler monkey zombie with a +1 dagger of protection.
Duvessa misses your quasit.
You hit Duvessa.
You kill Duvessa!
Dowan seems overcome with grief.
Dowan seems to find hidden reserves of power!
The dead are walking!
Dowan gestures at you while chanting. The shard of ice misses you.
Your Fighting skill increases to level 3!
Your Armour skill increases to level 2!
Your Invocations skill increases to level 1!
What are your orders? t - Shout!
Orders for allies: a - Attack new target. r - Retreat! s - Stop attacking. g - Guard the area. f - Follow me.
Anything else - Cancel.
Gang up on whom?
Press: ? - help, Dir - move target, f - Dowan
Aim: Dowan, wielding a +1 dagger of protection and wearing a +0 robe (fast, ally target) Attack!
Your howler monkey zombie hits Dowan but does no damage.
Your quasit bites Dowan but does no damage.
Your quasit closely misses Dowan.
Your quasit claws Dowan.
Dowan hits you but does no damage.
You closely miss Dowan. You punch Dowan, but do no damage.
Dowan is lightly wounded.
Your howler monkey zombie hits Dowan but does no damage.
Dowan breathes, "And she was my only..."
Dowan hits you with a +1 dagger of protection.
Your quasit bites Dowan.
Your quasit barely misses Dowan.
Your quasit claws Dowan but does no damage.
Your howler monkey zombie closely misses Dowan.
You hit Dowan.
Dowan is moderately wounded.
Dowan casts a spell at you. The shard of ice hits you!!
You die...
Your body rises from the dead as a mindless zombie. ▒e▒ ∙ ▒S▒ ▒▒∙ ∙g▒# ∙∙ ∙∙∙ ▒∙ ▒▒▒▒▒▒▒▒ ▒∙▒▒∙▒▒∙ ∙▒ ▒∙∙∙∙∙∙▒ ∙∙∙∙

▒∙ ∙ ▒∙▒▒▒▒∙▒ ∙∙▒ ∙∙ ∙∙
▒∙▒▒∙∙∙▒▒▒▒▒▒▒▒▒▒Z∙▒▒ ▒∙
∙▒ ▒>▒∙∙▒∙∙∙∙∙∙∙∙∙6e5∙∙▒
▒∙∙∙∙∙∙▒▒▒▒▒▒▒▒▒▒Z∙∙∙∙∙∙
▒∙▒∙▒▒∙▒ ∙∙∙∙∙∙▒
▒▒∙∙∙∙∙∙▒ ▒▒∙▒▒▒▒
▒∙<∙∙▒▒∙▒ ∙▒ ▒∙∙▒▒▒▒∙▒ ∙
▒∙∙▒ ▒∙▒ ∙ ▒∙∙< ∙∙ ∙∙
▒∙▒▒


You could see Dowan (fast, ally target), a friendly quasit (summoned), the
friendly Duvessa the elf zombie and a friendly howler monkey zombie.

Vanquished Creatures
  Duvessa (D:4)
  Pargi (D:3)
  Natasha (thrice) (D:2)
  Terence (D:2)
  5 adders
  A gnoll (D:1)
  A worm (D:2)
  2 dart slugs (D:3)
  4 ball pythons
  2 bats (D:2)
  3 endoplasms
  2 giant cockroaches (D:1)
  8 goblins
  3 hobgoblins
  4 jackals (D:1)
  3 kobolds
  4 quokkas
  4 frilled lizards
  4 rats
  A spectral orc (D:3)
57 creatures vanquished.

Vanquished Creatures (collateral kills)
  A howler monkey (D:4)
1 creature vanquished.

Vanquished Creatures (others)
  An adder zombie (D:4)
  A ball python zombie (D:4)
2 creatures vanquished.

Grand Total: 60 creatures vanquished

Notes
Turn   | Place    | Note
-------+----------+-------------------------------------------
     0 | D:1      | Zeor the Demonspawn Gladiator began the quest for the Orb.
     0 | D:1      | Reached XP level 1. HP: 16/16 MP: 1/1
   270 | D:1      | Reached skill level 3 in Long Blades
   459 | D:1      | Gained mutation: A weak demonic guardian rushes to your
                  | aid. [demonic ancestry]
   459 | D:1      | Reached XP level 2. HP: 20/22 MP: 2/2
   802 | D:1      | Found a faded altar of an unknown god.
   866 | D:1      | Reached XP level 3. HP: 26/27 MP: 3/3
  1309 | D:2      | Noticed Natasha
  1326 | D:2      | Killed Natasha
  1401 | D:2      | Noticed Terence
  1404 | D:2      | Killed Terence
  1405 | D:2      | Reached skill level 4 in Long Blades
  1405 | D:2      | Reached XP level 4. HP: 32/34 MP: 4/4
  1421 | D:2      | Noticed Natasha
  1429 | D:2      | Killed Natasha
  1607 | D:2      | Noticed Natasha
  1620 | D:2      | Killed Natasha
  1621 | D:2      | Reached skill level 1 in Armour
  1621 | D:2      | Gained mutation: You have a small tail. [demonic ancestry]
  1621 | D:2      | Reached XP level 5. HP: 22/39 MP: 5/5
  1971 | D:3      | Found a sacrificial altar of Ru.
  2184 | D:3      | Noticed Pargi
  2198 | D:3      | Killed Pargi
  2199 | D:3      | Reached XP level 6. HP: 40/46 MP: 6/6
  2233 | D:3      | Identified the +9 hand axe of the Bursting Hero {holy,
                  | rCorr Int+2}
  2391 | D:3      | Identified the +6 long sword "Zeor's Peril" {drain, rCorr}
  2455 | D:3      | Found a basalt altar of Yredelemnul.
  2464 | D:3      | Became a worshipper of Yredelemnul the Dark
  2509 | D:4      | Noticed Dowan
  2510 | D:4      | Noticed Duvessa
  2622 | D:4      | Reached skill level 5 in Long Blades
  2631 | D:4      | Killed Duvessa
  2631 | D:4      | Reached * piety under Yredelemnul
  2632 | D:4      | Reached skill level 1 in Invocations
  2634 | D:4      | Killed from afar by Dowan

Illustrated notes

Levels and vault maps discovered:
D:1:      lemuel_arrival_room, layout_basic,
          shapermc_ecumenical_altar_hornbeckon
D:2:      layout_basic, serial_park_tiny_2, uniq_terence, uniq_natasha
D:3:      layout_loops_ring, yredelemnul_forgotten_temple_becter,
          nicolae_ru_path_of_blood, minmay_ruptured, uniq_crazy_yiuf_cottage,
          uniq_pargi
D:4:      layout_loops_cross, nicolae_ashenzari_skybound,
          nicolae_uskayaw_dance_hall, uniq_duvessa, uniq_edmund

Skill      XL: |  1  2  3  4  5  6 |
---------------+-------------------+-----
Long Blades    | 3 4 5 |  5.2
Dodging        | 3 |  3.9
Armour         | 1 2 |  2.1
Fighting       | 3 |  3.0
Invocations    | 1 |  1.5
Throwing       | |  1.8
Stealth        | |  0.1

Action                     |  1- 3 |  4- 6 || total
---------------------------+-------+-------++-------
  Melee: Long sword        |    79 |   102 ||   181
         Tailslap          |       |    11 ||    11
         Punch             |       |     1 ||     1
  Throw: Throwing net      |       |     2 ||     2
    Use: Scroll            |     6 |     5 ||    11
         Potion            |       |     3 ||     3
 Armour: Leather armour    |    10 |       ||    10
         Ring mail         |     7 |    31 ||    38
  Dodge: Dodged            |    51 |    82 ||   133
